 Dungeon Crawl Stone Soup version 0.21-a0-228-g14ccbf3 (webtiles) character file.

11 Gorglomux the Insei (level 2, -1/21 HPs)
             Began as a Gnoll Transmuter on Aug 31, 2017.
             Slain by a worm (11 damage)
             ... on level 1 of the Dungeon.
             The game lasted 00:00:50 (258 turns).

Gorglomux the Insei (Gnoll Transmuter)               Turns: 258, Time: 00:00:51

Health: -1/21      AC:  2    Str:  7    XL:     2   Next: 29%
Magic:  5/6        EV: 12    Int:  7    God:
Gold:   28         SH:  0    Dex:  7    Spells: 4/7 levels left

rFire    . . .     SeeInvis .     - Unarmed
rCold    . . .     Gourm    .   (no shield)
rNeg     . . .     Faith    .   b - +0 robe
rPois    .         Spirit   .   (no helmet)
rElec    .         Reflect  .   (no cloak)
rCorr    .         Harm     .   (no gloves)
MR       .....                  (no boots)
Stlth    +.........             (no amulet)
HPRegen  0.07/turn              (no ring)
MPRegen  0.10/turn              (no ring)

@: appendage
A: unchanging attributes, fangs 1, horns 2, strong nose
a: End Transformation


You were on level 1 of the Dungeon.
You were not hungry.
You had grown temporary horns.
You visited 1 branch of the dungeon, and saw 1 of its levels.

You collected 28 gold pieces.

Inventory:

Missiles
 a - 33 arrows
Armour
 b - a +0 robe (worn)
Scrolls
 g - 2 scrolls of remove curse {unknown}
 i - 2 scrolls of recharging {unknown}
 j - a scroll of random uselessness {unknown}
 l - a scroll of identify {unknown}
Potions
 k - 2 potions of agility {unknown}
Books
 c - a book of Changes

   Spells                             Type                      Level
   a - Beastly Appendage              Transmutation                1
   b - Sticks to Snakes               Transmutation                2
   c - Spider Form                    Transmutation/Poison         3
   d - Ice Form                       Ice/Transmutation            4
   e - Blade Hands                    Transmutation                5
Comestibles
 d - a bread ration
 f - a royal jelly
 h - 6 chunks of flesh


   Skills:
 - Level 1.3 Fighting
 - Level 2.6 Dodging
 - Level 4.0 Unarmed Combat
 + Level 3.4 Spellcasting
 + Level 3.5 Transmutations


You had 4 spell levels left.
You knew the following spells:

 Your Spells              Type           Power        Failure   Level  Hunger
a - Beastly Appendage     Tmut           #.....       8%          1    ##.....
b - Sticks to Snakes      Tmut           #.......     12%         2    ###....


Dungeon Overview and Level Annotations

Branches:
Dungeon (1/15)

Altars:


Innate Abilities, Weirdness & Mutations

Your physical attributes are unchanging.
You have very sharp teeth.
Your uncanny sense of smell can sniff out nearby items.
You have a pair of horns on your head.


Message History

A butt is nearby!!!
Unknown command!
A worm is nearby!!!
Unknown command!
A worm is nearby!!!
Casting: Beastly Appendage
Confirm with ! or Enter, or press ? or * to list all spells!
You grow a pair of butt bovine horns!
A goblin comes into view! It is wielding a club!
The goblin shouts!!!
The worm bites you!!!
DANG You pound the butt into fine dust!
The worm is moderately wounded!
You are too injured to fight recklessly!!!
You squash the worm like an ant!
The worm is heavily wounded!
The worm bites you!!!
DANG rip

#.....# #.....# ∆..#
####.....# ..# ##
...#.....# #g# ..
...#.....# #.# .#
...#.....# #.# .#
...#.....# #.# .#
...#÷...)#####.##.###
................@w.>#
####............#.#.#
......###.......#...
......# #.......#####
......###....(....
#######...........#
#.######+#..# #.# ...
###.###


You could see a worm.

Vanquished Creatures
  An ooze (D:1)
  A dart slug (D:1)
  A hobgoblin (D:1)
  3 bats (D:1)
  A rat (D:1)
7 creatures vanquished.

Notes
Turn   | Place    | Note
-------+----------+-------------------------------------------
     0 | D:1      | Gorglomux the Gnoll Transmuter began the quest for the Orb.
     0 | D:1      | Reached XP level 1. HP: 15/15 MP: 4/4
    48 | D:1      | Reached skill level 3 in Transmutations
    76 | D:1      | Reached XP level 2. HP: 15/21 MP: 4/6
    95 | D:1      | Learned a level 2 spell: Sticks to Snakes
   258 | D:1      | Slain by a worm

Vault maps used:
D:1:      enne_arrival_octagon_isle

Skill      XL: |  1 |
---------------+----+-----
Transmutations | 3 |  3.5
Fighting       | |  1.3
Dodging        | |  2.6
Unarmed Combat | |  4.0
Spellcasting   | |  3.4

Action                   || total
-------------------------++-------
Melee: Unarmed           ||    24
       Headbutt          ||     2
       Punch             ||     1
       Kick              ||     1
 Cast: Beastly Appendage ||     6
Armor: Robe              ||     5
Dodge: Dodged            ||    15

Table legend:
 A = Spawn XP
 B = Non-spawn XP
 C = Spawn XP percentage of total XP
 D = Spawn monster count
 E = Non-spawn monster count
 F = Spawn count percentage of total count
 G = Total turns spent on level
                    A         B        C        D         E        F      G
               +---------+---------+-------+---------+---------+-------+---------
         Total |       0 |      17 |   0.0 |       0 |       7 |   0.0 |   258
               +---------+---------+-------+---------+---------+-------+---------
           D:1 |       0 |      17 |   0.0 |       0 |       7 |   0.0 |   258
               +---------+---------+-------+---------+---------+-------+---------
